 Dungeon Crawl Stone Soup version 0.20.1-1-g8b1a95d (webtiles) character file.

112 VirginKiller the Ruffian (level 4, -1/37 HPs)
             Began as a Demigod Fighter on Oct 9, 2017.
             Killed by divine providence
             ... invoked by an orc priest
              (10 damage)
             ... on level 3 of the Dungeon.
             The game lasted 00:09:54 (1858 turns).

VirginKiller the Ruffian (Demigod Fighter)          Turns: 1858, Time: 00:09:55

Health: -1/37      AC:  9    Str: 21    XL:     4   Next: 38%
Magic:  0/6        EV:  7    Int: 12    God:
Gold:   121        SH:  9    Dex: 15    Spells: 3/3 levels left

rFire    . . .     SeeInvis .     - Unarmed
rCold    . . .     Gourm    .   b - +0 shield
rNeg     . . .     Faith    .   a - +0 scale mail
rPois    .         Spirit   +   (no helmet)
rElec    .         Reflect  .   (no cloak)
rCorr    .         Harm     .   n - +1 pair of gloves
MR       .....                  o - +0 pair of boots
Stlth    ..........             k - amulet of guardian spirit
Regen    0.2/turn               (no ring)
MPRegen  0.1/turn               (no ring)

@: no status effects
A: high mp 1
a: no special abilities


You were on level 3 of the Dungeon.
You were not hungry.

You visited 1 branch of the dungeon, and saw 3 of its levels.

You collected 121 gold pieces.

Inventory:

Missiles
 g - a javelin (quivered)
Armour
 a - a +0 scale mail (worn)
 b - a +0 shield (worn)
 n - a +1 pair of gloves (worn)
 o - a +0 pair of boots (worn)
Jewellery
 k - an amulet of guardian spirit (around neck)
 w - an uncursed ring of fire
Scrolls
 e - 2 scrolls of remove curse
 f - a scroll of fear
 h - 2 scrolls of teleportation
 m - a scroll of noise {unknown}
 s - a scroll of magic mapping {unknown}
Potions
 c - a potion of might
 l - a potion of resistance {unknown}
 q - a potion of agility {unknown}
 r - a potion of heal wounds {unknown}
 v - a potion of curing
Comestibles
 d - 3 bread rations
 j - 7 chunks of flesh


   Skills:
 - Level 2.6 Fighting
 - Level 2.6 Armour
 - Level 2.6 Shields
 * Level 4.4 Unarmed Combat


You had 3 spell levels left.
You didn't know any spells.

Dungeon Overview and Level Annotations

Branches:
Dungeon (3/15)


Innate Abilities, Weirdness & Mutations

You have an increased reservoir of magic. (+10% MP)


Message History

The orc priest is severely wounded.
The orc priest miscasts a cantrip.
The hobgoblin hits you with a club.
You hit the orc priest.
The orc priest is severely wounded.
The orc priest mumbles some strange prayers to Beogh against you.
Pain shoots through your body!
* * * LOW HITPOINT WARNING * * *
You block the hobgoblin's attack.
You closely miss the orc priest.
The orc priest is severely wounded.
You block the orc priest's attack.
The hobgoblin hits you but does no damage.
You barely miss the orc priest.
The orc priest is severely wounded.
The orc priest looks braver for a moment.
The hobgoblin hits you but does no damage.
The orc priest calls down the wrath of Beogh upon you.
Beogh smites you!
You die...

#.# #.........# ###+####
#.# ###.#.#.#.#.#. .####
#.###.....#.#.#... .....
#.#.............#. #
#####.#...###.#.#.## #
#.#.............######
##.#....##.............
#......(........[..####
....#..@.##...#.#.#.#
....#.go..........#.#
..............#.#.#.###
.........(..#.#.#.....#
.##.............#.#+####
...##..###............#
.##. #... ....###......#
# #... #.#.# #......#
#..<...#


You could see an orc priest and a hobgoblin.

Vanquished Creatures
  Natasha (D:3)
  3 adders (D:2)
  An ooze (D:3)
  An adder skeleton (D:3)
  2 worms
  A dart slug (D:3)
  2 leopard geckos
  5 bats (D:2)
  A giant cockroach (D:1)
  7 goblins
  3 hobgoblins (D:2)
  4 jackals (D:3)
  A quokka (D:2)
  3 frilled lizards (D:2)
  3 kobolds
  6 rats
44 creatures vanquished.

Notes
Turn   | Place    | Note
-------+----------+-------------------------------------------
     0 | D:1      | VirginKiller the Demigod Fighter began the quest for the Orb.
     0 | D:1      | Reached XP level 1. HP: 18/18 MP: 3/3
    43 | D:1      | Reached skill level 2 in Unarmed Combat
   343 | D:1      | You fall through a shaft!
   371 | D:2      | Reached XP level 2. HP: 25/25 MP: 4/4
   385 | D:2      | Reached skill level 3 in Unarmed Combat
   700 | D:2      | Reached XP level 3. HP: 25/30 MP: 5/5
  1711 | D:3      | Reached skill level 4 in Unarmed Combat
  1718 | D:3      | Reached XP level 4. HP: 33/37 MP: 4/6
  1812 | D:3      | Noticed Natasha
  1821 | D:3      | Killed Natasha
  1858 | D:3      | Killed from afar by an orc priest

Skill      XL: |  1  2  3 |
---------------+----------+-----
Unarmed Combat | 2 3 4 |  4.4
Fighting       | |  2.6
Armour         | |  2.6
Shields        | |  2.6

Action                   |  1- 3 |  4- 6 || total
-------------------------+-------+-------++-------
Melee: Unarmed           |   148 |    30 ||   178
Throw: Javelin           |     8 |     3 ||    11
  Use: Potion            |     1 |       ||     1
       Scroll            |     6 |       ||     6
 Stab: Confused          |       |     1 ||     1
  Eat: Royal jelly       |     1 |       ||     1
       Chunk             |     1 |       ||     1
Armor: Scale mail        |    60 |    12 ||    72
       Skin              |     2 |       ||     2
Dodge: Dodged            |    31 |     7 ||    38
Block: Shield            |    69 |    16 ||    85
